 Dungeon Sprint DCSS version 0.28-a0-71-g84acfa7270 (webtiles) character file.

Game seed: 9072488629235014116

132 Zeldest the Zephyrmancer (level 8, -3/80 HPs)
             Began as a Demigod Air Elementalist on Aug 2, 2021.
             Killed from afar by a deep elf zephyrmancer (24 damage)
             ... with a bolt of lightning
             ... in the Dungeon (Sprint VI: "Thunderdome").
             The game lasted 00:07:01 (450 turns).

Zeldest the Zephyrmancer (Demigod Air Elementalist)  Turns: 450, Time: 00:07:02

Health: -3/80      AC:  2    Str: 15    XL:     8   Next: 50%
Magic:  0/13       EV: 12    Int: 25    God:
Gold:   220        SH:  0    Dex: 19    Spells: 5/10 levels left

rFire   . . .      SeeInvis .     - Unarmed
rCold   . . .      Faith    .   (no shield)
rNeg    . . .      Spirit   +   a - +0 robe
rPois   .          Reflect  .   (no helmet)
rElec   .          Harm     .   (no cloak)
rCorr   .          Rampage  .   (no gloves)
Will    .....      NoTele   +   (no boots)
Stlth   ++........              l - amulet "Hesoos" {Spirit Dex+3}
HPRegen 0.23/turn               m - ring "Wenaes" {Str+6 Dex+2}
MPRegen 0.13/turn               (no ring)

@: on berserk cooldown, hasted and slowed
A: high mp 1, forlorn
a: no special abilities


You were in the Dungeon.
You visited 1 branch You collected 400 gold pieces.
You spent 180 gold pieces at shops.

Inventory:

Armour
 a - a +0 robe (worn)
Jewellery
 l - the amulet "Hesoos" (around neck) {Spirit Dex+3}
   (You bought it in a shop in the Dungeon)

   [amulet of guardian spirit]

   It causes incoming damage to be divided between your reserves of health and
   magic.
   Dex:       It affects your dexterity (+3).
 m - the ring "Wenaes" (left hand) {Str+6 Dex+2}
   (You bought it in a shop in the Dungeon)

   [ring of strength]

   Str:       It affects your strength (+6).
   Dex:       It affects your dexterity (+2).
 n - the ring of Izxupyur {Fly rF- rC+ Dex+4 Slay+3}
   (You bought it in a shop in the Dungeon)

   [ring of protection from cold]

   Dex:       It affects your dexterity (+4).
   Slay:      It affects your accuracy & damage with ranged weapons and melee
   (+3).
   rF:        It makes you vulnerable to fire.
   rC:        It protects you from cold.
   Fly:       It grants you flight.
 o - the ring "Wempy" {Ice rElec Will- Int+2 Stlth+}
   (You bought it in a shop in the Dungeon)

   [ring of ice]

   It enhances your ice magic.
   Int:       It affects your intelligence (+2).
   rF:        It makes you vulnerable to fire.
   rC:        It protects you from cold.
   rElec:     It insulates you from electricity.
   Will:      It decreases your willpower.
   Stlth:     It makes you more stealthy.
Scrolls
 g - 4 scrolls of blinking
 j - 3 scrolls of fog
Potions
 b - a potion of curing
 d - 3 potions of haste
 k - a potion of resistance


   Skills:
 + Level 10.4 Fighting
 - Level 1.7 Dodging
 - Level 1.7 Stealth
 + Level 10.4 Unarmed Combat
 - Level 1.7 Spellcasting
 - Level 0.8 Conjurations
 + Level 10.8 Air Magic


You had 5 spell levels left.
You knew the following spells:

 Your Spells              Type           Power      Damage    Failure   Level
a - Airstrike             Air            27%        N/A       1%          4
b - Shock                 Conj/Air       100%       1d9       1%          1

Your spell library contained the following spells:

 Spells                   Type           Power      Damage    Failure   Level
 Static Discharge         Conj/Air       31%        N/A       1%          2
 Swiftness                Air            54%        N/A       1%          3


Dungeon Overview and Level Annotations

Branches:
Dungeon (1/1)

Shops:
D *[??*?*:[((!!!!


Innate Abilities, Weirdness & Mutations

Your attributes grow dramatically as you level up.
You have an increased reservoir of magic. (+10% MP)
You shall have no god before yourself.


Message History

The deep elf zephyrmancer hits you with a +0 long sword!
The deep elf zephyrmancer casts a spell at you.
The bolt of lightning hits you!!
You hit the deep elf zephyrmancer.
The deep elf zephyrmancer is heavily wounded.
The deep elf zephyrmancer hits you with a +0 long sword.
You completely miss the deep elf zephyrmancer.
The deep elf zephyrmancer is heavily wounded.
You punch the deep elf zephyrmancer!
The deep elf zephyrmancer is almost dead.
The deep elf zephyrmancer hits you with a +0 long sword!
* * * LOW HITPOINT WARNING * * *
You pummel the deep elf zephyrmancer!!
You kill the deep elf zephyrmancer!
The deep elf zephyrmancer mumbles some strange words.
The deep elf zephyrmancer blinks!
Your Fighting skill increases to level 10!
Your Unarmed Combat skill increases to level 10!
Things that are here:
a +0 short sword; a +0 ring mail; an elf corpse You feel a strong urge to attack something.
The deep elf zephyrmancer casts a spell at you.
The bolt of lightning hits you!!
* * * LOW HITPOINT WARNING * * *
You feel your anger nearly subside.
You are no longer berserk.
You are exhausted.
You feel yourself slow down.
You feel much better.
The deep elf zephyrmancer points at you and mumbles some strange words.
The bolt of lightning hits you!!
* * * LOW HITPOINT WARNING * * *
The deep elf zephyrmancer misses you.
You feel much better.
The deep elf zephyrmancer hits you with a +0 long sword!
* * * LOW HITPOINT WARNING * * *
You aren't carrying any items that you can evoke.
You feel yourself speed up.
The deep elf zephyrmancer casts a spell at you.
The bolt of lightning hits you!!
You die...

###.........###
#⌠...........⌠#
######.8.).......8.####
##.___......###......___
###∩.....)..8.# #.8.......
##....)....)...###.........
#⌠..........###)..###......
#⌠..÷.......# #.<.# #......
#⌠.....[..@.###...###......
##........e....###.†.......
###∩........8.# #.8.......
##∩_._......###.......__
######.8.........8.####
#⌠...........⌠#
###.........### #_......._#
#_......._#


You could see a deep elf zephyrmancer.

Vanquished Creatures
  2 deep elf pyromancers (D)
  A deep elf zephyrmancer (D)
  A gnoll sergeant (D)
  2 scorpions (D)
  6 vampire bats (D)
  A hound (D)
  3 gnolls (D)
  2 worms (D)
  A giant cockroach (D)
19 creatures vanquished.

Notes
Turn   | Place    | Note
-------+----------+-------------------------------------------
     0 | D        | Zeldest the Demigod Air Elementalist began the quest for
                  | the Orb.
     0 | D        | Reached XP level 1. HP: 14/14 MP: 5/5
     4 | D        | Found Beahab's Identification Station.
     5 | D        | Found Miemoo's Advanced Armour.
     5 | D        | Found Jihuh's Jewellery.
     5 | D        | Round 1.
    19 | D        | Bought a brightly glowing ruby amulet for 45 gold pieces
    19 | D        | Identified the amulet "Hesoos" {Spirit Dex+3} (You bought
                  | it in a shop in the Dungeon)
    19 | D        | Bought a flickering wooden ring for 45 gold pieces
    19 | D        | Identified the ring "Wenaes" {Str+6 Dex+2} (You bought it
                  | in a shop in the Dungeon)
    19 | D        | Bought a twitching pewter ring for 45 gold pieces
    19 | D        | Identified the ring of Izxupyur {Fly rF- rC+ Dex+4 Slay+3}
                  | (You bought it in a shop in the Dungeon)
    25 | D        | Bought an ancient tin ring for 45 gold pieces
    25 | D        | Identified the ring "Wempy" {Ice rElec Will- Int+2 Stlth+}
                  | (You bought it in a shop in the Dungeon)
    25 | D        | Noticed a hound
    36 | D        | Reached skill level 1 in Fighting
    36 | D        | Reached skill level 1 in Unarmed Combat
    36 | D        | Killed a hound
    37 | D        | Reached XP level 2. HP: 8/26 MP: 0/7
    37 | D        | Reached XP level 3. HP: 9/31 MP: 0/8
   108 | D        | Noticed a gnoll sergeant
   113 | D        | Killed a gnoll sergeant
   114 | D        | Reached skill level 5 in Air Magic
   114 | D        | Reached XP level 4. HP: 23/41 MP: 6/9
   127 | D        | Found Ihoe's Magic Scroll Shop.
   134 | D        | Arena points: 12 (+12) [x2]
   136 | D        | Found Icinen's Staff Store.
   136 | D        | Found Umnoc's Magic Scroll Shop.
   136 | D        | Found Zammiadu's Must-Have Magic.
   143 | D        | Found Cifuschallo's Distillery.
   143 | D        | Found Mupp's Do-It-Yourself Clinic.
   144 | D        | Found Neamn's Distillery.
   144 | D        | Found Hyalemn's Bottled Wisdom.
   150 | D        | Found Caxeh's Weapon Rack.
   150 | D        | Found Vityofe's Premium Goods.
   151 | D        | Found Ona Fome's Basic Armour.
   151 | D        | Found Arhacs's Miscellaneous Merchandise.
   172 | D        | Round 2.
   180 | D        | Reached skill level 5 in Fighting
   180 | D        | Reached skill level 5 in Unarmed Combat
   180 | D        | Reached XP level 5. HP: 15/48 MP: 0/10
   185 | D        | Learned a level 4 spell: Airstrike
   296 | D        | Arena points: 48 (+36) [x3]
   325 | D        | Round 3.
   338 | D        | Reached XP level 6. HP: 53/58 MP: 4/11
   371 | D        | Arena points: 132 (+84) [x4]
   400 | D        | Round 4.
   406 | D        | Noticed a deep elf pyromancer
   406 | D        | Noticed a deep elf pyromancer
   409 | D        | Noticed a deep elf zephyrmancer
   414 | D        | Killed a deep elf pyromancer
   415 | D        | Reached XP level 7. HP: 59/70 MP: 2/12
   429 | D        | Killed a deep elf pyromancer
   430 | D        | Reached skill level 10 in Air Magic
   430 | D        | Reached XP level 8. HP: 39/79 MP: 0/13
   433 | D        | Noticed a deep elf zephyrmancer
   443 | D        | Killed a deep elf zephyrmancer
   444 | D        | Reached skill level 10 in Fighting
   444 | D        | Reached skill level 10 in Unarmed Combat
   445 | D        | HP: 4/120 [deep elf zephyrmancer/bolt of lightning (31)]
   448 | D        | HP: 1/80 [deep elf zephyrmancer/bolt of lightning (31)]
   450 | D        | Killed from afar by a deep elf zephyrmancer

Illustrated notes

Levels and vault maps discovered:
D:        arena_sprint

Skill      XL: |  1  2  3  4  5  6  7  8 |
---------------+-------------------------+-----
Fighting       | 3 4 5 6 9 10 | 10.4
Unarmed Combat | 3 4 5 6 9 10 | 10.4
Air Magic      | 4 5 6 7 9 10 | 10.8
Dodging        | |  1.7
Stealth        | |  1.7
Spellcasting   | |  1.7
Conjurations   | |  0.8

Action                   |  1- 3 |  4- 6 |  7- 9 || total
-------------------------+-------+-------+-------++-------
Melee: Unarmed           |       |    32 |     5 ||    37
 Cast: Shock             |     6 |    30 |     5 ||    41
       Airstrike         |       |     4 |       ||     4
Evoke: Wand              |     4 |     4 |     2 ||    10
  Use: Potion            |       |     3 |     5 ||     8
Armor: Robe              |     1 |     5 |       ||     6
Dodge: Dodged            |     4 |    23 |     5 ||    32

Table legend: (Time is in decaauts)
 A = Elapsed time spent in this place.
 B = Non-inter-level travel time spent in this place.
 C = Inter-level travel time spent in this place.
 D = Time resting spent in this place.
 E = Time spent auto-exploring this place.
 F = Levels seen in this place.
 G = Mean time per level.
                   A        B        C        D        E       F      G
               +--------+--------+--------+--------+--------+-----+--------+
         Total |    443 |    443 |      0 |    107 |      0 |   1 |  443.0 |
       Dungeon |    443 |    443 |      0 |    107 |      0 |   1 |  443.0 |
               +--------+--------+--------+--------+--------+-----+--------+

Top non-repeatable levels by time:
       D: 443 daAuts
